 Dungeon Crawl Stone Soup version 0.20.0-10-g0535bb4 (webtiles) character file.

1819 Firecrotchwizard the Basher (level 8, -3/109 HPs)
             Began as a Minotaur Berserker on June 7, 2017.
             Was a Priest of Trog.
             Slain by a wight
             ... wielding a cursed +4 flail
              (5 damage)
             ... on level 7 of the Dungeon.
             The game lasted 00:07:02 (4334 turns).

Firecrotchwizard the Basher (Minotaur Berserker)    Turns: 4334, Time: 00:07:02

Health: -3/109     AC:  6    Str: 28    XL:     8   Next: 85%
Magic:  7/7        EV: 14    Int:  4    God:    Trog [***...]
Gold:   284        SH:  0    Dex: 11    Spells: 7/7 levels left

rFire    + . .     SeeInvis .   a - +0 flail
rCold    + . .     Gourm    .   (no shield)
rNeg     . . .     Faith    .   v - +0 ring mail {rC+}
rPois    .         Spirit   .   (helmet restricted)
rElec    .         Reflect  .   (no cloak)
rCorr    .         Harm     .   (no gloves)
MR       .....                  (no boots)
Stlth    ..........             (no amulet)
Regen    0.3/turn               n - ring of protection from fire {rF+, !d}
MPRegen  0.1/turn               (no ring)

@: berserking, drained, very quick
A: retaliatory headbutt, horns 2
a: Berserk, Trog's Hand, Burn Spellbooks, Renounce Religion


You were on level 7 of the Dungeon.
You worshipped Trog.
Trog was most pleased with you.
You were hungry.

You visited 1 branch of the dungeon, and saw 7 of its levels.

You collected 284 gold pieces.

Inventory:

Hand Weapons
 a - a +0 flail (weapon)
   (You took it off an orc on level 4 of the Dungeon)
 b - a +0 hunting sling
   (You took it off a goblin on level 2 of the Dungeon)
 y - a +3 trident of venom
   (You took it off an orc on level 5 of the Dungeon)
Missiles
 s - 7 sling bullets
Armour
 v - a +0 ring mail of cold resistance (worn)
   (You found it on level 4 of the Dungeon)
Jewellery
 i - a +4 ring of evasion {unknown}
   (You found it on level 4 of the Dungeon)
 n - a ring of protection from fire (left hand) {rF+, !d}
   (You found it on level 2 of the Dungeon)
Wands
 q - a wand of random effects (31/48)
   (You found it on level 5 of the Dungeon)
Scrolls
 e - 3 scrolls of amnesia {unknown}
 f - 4 scrolls of identify {unknown}
 h - 5 scrolls of teleportation {unknown}
 k - 2 scrolls of remove curse {unknown}
 r - 2 scrolls of enchant weapon {unknown}
 w - a scroll of blinking {unknown}
 x - a scroll of silence {unknown}
Potions
 d - a potion of might {unknown}
 g - 2 potions of haste {unknown}
 j - a potion of resistance {unknown}
 l - a potion of lignification {unknown}
 m - a potion of brilliance {unknown}
 p - a potion of mutation {unknown}
 t - 4 potions of curing {unknown}
 u - a potion of berserk rage {unknown}
 z - a potion of cancellation {unknown}
 A - a potion of heal wounds {unknown}
Comestibles
 c - 6 bread rations {@e1}
 o - 3 royal jellies
 B - 7 chunks of flesh {@w0}


   Skills:
 + Level 7.6(7.4) Fighting
 * Level 8.7(8.6) Maces & Flails
 + Level 6.7(6.5) Armour
 + Level 6.2(6.1) Dodging


You had 7 spell levels left.
You didn't know any spells.

Dungeon Overview and Level Annotations

Branches:
Dungeon (7/15)             Temple (0/1) D:5

Altars:
Ashenzari
Uskayaw
The Shining One

Shops:
D:6 (

Annotations:
D:3 Nstar's ghost, amateur DsHu


Innate Abilities, Weirdness & Mutations

You reflexively headbutt those who attack you in melee.
You have a pair of horns on your head.


Message History

The bolt of electricity hits you!
A bullfrog skeleton comes into view.
You take 14 damage, and have 34/73 hp.
You are too injured to fight recklessly!
You are too injured to fight recklessly!
You are too injured to fight recklessly!
You are too injured to fight recklessly!
Your unstable footing causes you to fumble your attack.
Your unstable footing causes you to fumble your attack.
A crimson imp comes into view.
The crimson imp shouts!
You thump the electric eel!
The bullfrog skeleton closely misses you.
The crimson imp sputters.
The crimson imp blinks!
The bullfrog skeleton barely misses you.
Your unstable footing causes you to fumble your attack.
The bullfrog skeleton hits you.
You take 3 damage, and have 32/73 hp.
You sock the electric eel!
You kill the electric eel!
Trog accepts your kill.
You hear a splash.
The bullfrog skeleton completely misses you.
The wight closely misses you. You furiously retaliate!
You headbutt the wight!
Your unstable footing causes you to fumble your attack.
The orc shouts!
The bullfrog skeleton hits you but does no damage.
The wight hits you from afar with a halberd!
The wight misses you. You furiously retaliate!
You headbutt the wight!
You destroy the wight!
Trog accepts your kill. The bullfrog skeleton hits you.
* * * LOW HITPOINT WARNING * * *
You take 13 damage, and have 19/73 hp.
Your unstable footing causes you to fumble your attack.
The bullfrog skeleton barely misses you.
The wight hits you from afar with a halberd.
* * * LOW HITPOINT WARNING * * *
A wight comes into view. It is wielding an enchanted flail.
You take 6 damage, and have 13/73 hp.
You sock the bullfrog skeleton! You headbutt the bullfrog skeleton.
The bullfrog skeleton misses you.
The crimson imp sputters.
The crimson imp barely misses you. The wight barely misses you.
Your unstable footing causes you to fumble your attack.
The bullfrog skeleton hits you.
* * * LOW HITPOINT WARNING * * *
The crimson imp hits you but does no damage.
The crimson imp misses you.
You take 1 damage, and have 13/73 hp.
You bludgeon the bullfrog skeleton!!
You destroy the bullfrog skeleton!
Trog accepts your kill. The wight closely misses you.
The crimson imp barely misses you.
The crimson imp blinks!
The crimson imp blinks!
The crimson imp blinks!
There is a fountain of clear blue water here.
There is a stone staircase leading down here.
You climb downwards. 3 wights come into view.
There is a stone staircase leading up here.
You are too injured to fight recklessly!
You are too injured to fight recklessly!
You are too injured to fight recklessly!
You hit the wight. Your headbutt misses the wight.
You hit the wight but do no damage. Your headbutt misses the wight.
The wight barely misses you.
You closely miss the wight. Your headbutt misses the wight.
The wight closely misses you.
You hit the wight but do no damage. Your headbutt misses the wight.
The wight misses you. You furiously retaliate!
You headbutt the wight. You closely miss the wight.
Your headbutt misses the wight. The wight hits you with a dagger.
* * * LOW HITPOINT WARNING * * *
The wight hits you with a mace.
* * * LOW HITPOINT WARNING * * *
You feel drained.
The wight hits you with an enchanted flail!
* * * LOW HITPOINT WARNING * * *
You take 16 damage, and have 1/73 hp.
MASSIVE DAMAGE!!
A red film seems to cover your vision as you go berserk!
You feel yourself moving faster!
You feel mighty!
You are feeling hungry.
The wight completely misses you. The wight misses you.
The wight barely misses you.
You now have 1/109 hp.
Unknown command.
You bludgeon the wight!!
You destroy the wight!
Trog accepts your kill. The wight closely misses you.
Things that are here:
a dagger; a robe You hit the wight.
The wight closely misses you.
You hit the wight.
The wight hits you with an enchanted flail.
You die...

.. # .. #.
.# .###.#
....# ...##
##...##
##.<...##
#.@z....#
#...z.....#
+.........+
#....$....#
##/../...##
##.....##
##...##
#+##


You could see 2 wights.

Vanquished Creatures
  Grinder (D:5)
  Sigmund (D:5)
  2 sky beasts
  A phantom (D:5)
  4 ogres
  2 wights
  A howler monkey (D:4)
  An electric eel (D:6)
  3 crimson imps
  A jelly (D:6)
  5 hounds
  2 bullfrog skeletons (D:6)
  An orc priest (D:5)
  An orc wizard (D:4)
  2 iguanas
  5 worker ants
  3 adders
  2 worms
  2 dart slugs
  2 leopard geckos
  10 orcs
  A giant cockroach (D:4)
  7 hobgoblins
  9 jackals
  A quokka (D:4)
  5 bats
  4 frilled lizards
  7 goblins
  A jackal skeleton (D:5)
  A jackal zombie (D:6)
  7 kobolds
  2 leopard gecko skeletons
  A quokka skeleton (D:5)
  4 rats
102 creatures vanquished.

Vanquished Creatures (others)
  A jackal (D:6)
1 creature vanquished.

Grand Total: 103 creatures vanquished

Notes
Turn   | Place    | Note
-------+----------+-------------------------------------------
     0 | D:1      | Firecrotchwizard the Minotaur Berserker began the quest for the Orb.
     0 | D:1      | Reached XP level 1. HP: 19/19 MP: 0/0
   218 | D:1      | Reached XP level 2. HP: 24/27 MP: 1/1
   333 | D:1      | Reached skill level 4 in Fighting
   333 | D:1      | Reached skill level 4 in Maces & Flails
   838 | D:2      | Reached ** piety under Trog
   838 | D:2      | Reached XP level 3. HP: 30/33 MP: 2/2
  1509 | D:3      | Noticed Nstar's ghost (amateur DsHu)
  1555 | D:4      | Reached skill level 3 in Armour
  1555 | D:4      | Reached skill level 3 in Dodging
  1555 | D:4      | Reached XP level 4. HP: 39/41 MP: 3/3
  1713 | D:4      | Found a glowing golden altar of the Shining One.
  1756 | D:4      | Noticed an ogre
  1760 | D:4      | HP: 3/41 [ogre/giant club (18)]
  1762 | D:4      | Killed an ogre
  1762 | D:4      | Reached skill level 5 in Fighting
  1762 | D:4      | Reached XP level 5. HP: 4/48 MP: 4/4
  2045 | D:4      | Reached skill level 5 in Maces & Flails
  2102 | D:4      | Noticed an ogre
  2109 | D:4      | Killed an ogre
  2109 | D:4      | Reached skill level 4 in Armour
  2109 | D:4      | Reached skill level 4 in Dodging
  2109 | D:4      | Reached XP level 6. HP: 35/56 MP: 5/5
  2840 | D:5      | Entered Level 5 of the Dungeon
  3010 | D:5      | Noticed Sigmund
  3016 | D:5      | Killed Sigmund
  3016 | D:5      | Reached skill level 6 in Fighting
  3016 | D:5      | Reached skill level 6 in Maces & Flails
  3016 | D:5      | Reached skill level 5 in Armour
  3016 | D:5      | Reached XP level 7. HP: 63/63 MP: 6/6
  3059 | D:5      | Found a hide-covered altar of Uskayaw.
  3231 | D:5      | Reached skill level 5 in Dodging
  3245 | D:5      | HP: 16/64 [poisoned by an orc]
  3250 | D:5      | HP: 12/64 [poisoned by an orc]
  3255 | D:5      | HP: 10/64 [poisoned by an orc]
  3261 | D:5      | HP: 8/64 [poisoned by an orc]
  3269 | D:5      | HP: 8/64 [poisoned by an orc]
  3277 | D:5      | HP: 8/64 [poisoned by an orc]
  3531 | D:5      | Noticed Grinder
  3563 | D:5      | Killed Grinder
  3563 | D:5      | Reached skill level 7 in Maces & Flails
  3563 | D:5      | Reached XP level 8. HP: 35/71 MP: 7/7
  3751 | D:5      | Reached skill level 6 in Armour
  3893 | D:5      | Reached skill level 7 in Fighting
  3983 | D:5      | Found a staircase to the Ecumenical Temple.
  4187 | D:6      | Reached skill level 8 in Maces & Flails
  4198 | D:6      | Reached skill level 6 in Dodging
  4218 | D:6      | Found a shattered altar of Ashenzari.
  4265 | D:6      | Found Zeagiy's Antique Weapon Shoppe.
  4298 | D:6      | Reached *** piety under Trog
  4309 | D:6      | HP: 13/73 [wight/halberd (6)]
  4329 | D:7      | HP: 13/73 [wight/dagger (4)]
  4329 | D:7      | HP: 1/73 [wight/enchanted flail (10)]
  4334 | D:7      | Slain by a wight

Skill      XL: |  1  2  3  4  5  6  7  8 |
---------------+-------------------------+-----
Fighting       | 4 5 6 7 |  7.6
Maces & Flails | 4 5 6 7 8 |  8.7
Armour         | 3 4 5 6 |  6.7
Dodging        | 3 4 5 6 |  6.2

Action                   |  1- 3 |  4- 6 |  7- 9 || total
-------------------------+-------+-------+-------++-------
Melee: Mace              |    74 |    11 |       ||    85
       Headbutt          |     8 |    15 |    18 ||    41
       Flail             |       |    61 |   131 ||   192
Throw: Stone             |     4 |       |       ||     4
Invok: Trog's Hand       |       |     1 |     2 ||     3
       Burn Spellbooks   |       |     1 |       ||     1
       Berserk           |       |       |     1 ||     1
  Eat: Chunk             |     2 |     5 |     5 ||    12
Armor: Animal skin       |     4 |       |       ||     4
       Ring mail         |    11 |    19 |    33 ||    63
Dodge: Dodged            |    55 |    48 |    91 ||   194

Vault maps used:
D:1:      saegor_arrival_simple_b, serial_corexii_hall, corexii_hall_statues_u,
          corexii_hall_statues_i, corexii_hall_statues_s, corexii_hall_statues_x
D:3:      minmay_diamond_boxcup, first_bread, minmay_rat_hole
D:4:      nicolae_overflow_crystal_walls
D:5:      temple_statues, basic_altar, uniq_grinder, uniq_sigmund
D:6:      old_standard_altar, cheibrodos_worm_habitat, evilmike_ruin_ashenzari,
          serial_shops, shop, fountainhead, grunt_ministairs_9
D:7:      cheibrodos_quashed, vehumet_altar_wand_db, basic_altar,
          grunt_livestock, uniq_duvessa

Table legend:
 A = Turns spent in this place as a percentage of turns spent in the entire game.
 B = Non-inter-level travel turns spent in this place as a percentage of non-inter-level travel turns spent in the entire game.
 C = Inter-level travel turns spent in this place as a percentage of turns spent in this place.
 D = Turns resting spent in this place as a percentage of non-inter-level travel turns spent in this place.
 E = Turns spent auto-exploring this place as a percentage of non-inter-level travel turns spent in this place.
 F = Non-inter-level travel turns spent in this place divided by the number of levels of this place that you've seen.
                   A       B       C       D       E      F
               +-------+-------+-------+-------+-------+----------------------
         Total | 100.0 | 100.0 |   0.7 |   2.4 |  13.0 | 142.0
       Dungeon | 100.0 | 100.0 |   0.7 |   2.4 |  13.0 | 142.0
               +-------+-------+-------+-------+-------+----------------------

Table legend:
 A = Kills in this place as a percentage of kills in entire the game.
 B = Kills by you in this place as a percentage of kills by you in the entire game.
 C = Kills by friends in this place as a percentage of kills by friends in the entire game.
 D = Other kills in this place as a percentage of other kills in the entire game.
 E = Experience gained in this place as a percentage of experience gained in the entire game.
 F = Experience gained in this place divided by the number of levels of this place that you have seen.
                   A       B       C       D       E      F
               +-------+-------+-------+-------+-------+----------------------
         Total | 100.0 | 100.0 |  -nan |  -nan | 100.0 | 371.3
       Dungeon | 100.0 | 100.0 |  -nan |  -nan | 100.0 | 371.3
               +-------+-------+-------+-------+-------+----------------------
